 Dungeon Crawl Stone Soup version 0.23-a0-29-g1be82e5 (webtiles) character file.

350 jjfam the Chopper (level 6, -5/56 HPs)
             Began as a Deep Dwarf Fighter on Aug 3, 2018.
             Slain by an orc wizard
             ... wielding a +2 dagger of electrocution
              (18 damage)
             ... on level 4 of the Dungeon.
             The game lasted 00:07:17 (1917 turns).

jjfam the Chopper (Deep Dwarf Fighter)              Turns: 1917, Time: 00:07:18

Health: -5/56      AC:  4    Str: 24    XL:     6   Next: 33%
Magic:  14/14      EV: 10    Int:  9    God:
Gold:   230        SH: 10    Dex: 12    Spells: 5/5 levels left

rFire    . . .     SeeInvis .   a - +0 war axe
rCold    + . .     Gourm    .   c - +0 shield
rNeg     . . .     Faith    .   r - +0 leather armour {rC+}
rPois    .         Spirit   .   (no helmet)
rElec    .         Reflect  .   t - scarf {repulsion}
rCorr    .         Harm     .   p - +0 pair of gloves
MR       .....                  (no boots)
Stlth    +.........             j - amulet of magic regeneration
HPRegen  0.00/turn              e - ring of magical power
MPRegen  0.39/turn              w - +3 ring of strength

@: non-regenerating, repel missiles
A: damage resistance, heal wounds, sense surroundings 1, no regeneration
a: Heal Wounds


You were on level 4 of the Dungeon.
You were not hungry.

You visited 1 branch of the dungeon, and saw 4 of its levels.

You collected 230 gold pieces.

Inventory:

Hand Weapons
 a - a +0 war axe (weapon)
Armour
 b - a +0 scale mail
 c - a +0 shield (worn)
 p - a +0 pair of gloves (worn)
 r - a +0 leather armour of cold resistance (worn)
 t - a scarf of repulsion (worn)
Jewellery
 e - a ring of magical power (left hand)
 j - an amulet of magic regeneration (around neck)
 n - a +2 ring of intelligence
 w - a +3 ring of strength (right hand)
Wands
 y - a wand of acid (7)
Scrolls
 h - 2 scrolls of remove curse
 k - 8 scrolls of identify {unknown}
 o - a scroll of enchant armour {unknown}
 q - 2 scrolls of teleportation {unknown}
 x - a scroll of magic mapping {unknown}
Potions
 d - 2 potions of might
 i - 2 potions of haste {unknown}
 l - a potion of magic {unknown}
 m - a potion of curing {unknown}
 s - a potion of degeneration {unknown}
 u - 3 potions of invisibility {unknown}
 v - a potion of mutation {unknown}
Comestibles
 f - 7 rations
 g - 6 chunks of flesh


   Skills:
 + Level 3.3 Fighting
 + Level 5.5 Axes
 + Level 4.0 Armour
 + Level 1.8 Dodging
 + Level 4.4 Shields


You had 5 spell levels left.
You didn't know any spells.
Your spell library contained the following spells:

 Spells                   Type           Power        Failure   Level  Hunger
 Apportation              Tloc           #.....       88%         1    ##.....
 Bolt of Cold             Conj/Ice       #.........   100%        6    #######
 Freezing Cloud           Conj/Ice/Air   #.........   100%        6    #######
 Summon Small Mammal      Summ           #...         88%         1    ##.....
 Animate Skeleton         Necr           N/A          88%         1    ##.....
 Ozocubu's Refrigeration  Ice            #.........   100%        6    #######
 Ice Form                 Ice/Tmut       #.......     100%        4    #####..
 Confusing Touch          Hex            #.....       88%         1    ##.....
 Metabolic Englaciation   Hex/Ice        #.........   100%        5    ######.
 Simulacrum               Ice/Necr       #.........   100%        6    #######


Dungeon Overview and Level Annotations

Branches:
Dungeon (4/15)
 Temple: D:4-7

Altars:

Annotations:
D:3 3 runed doors, exclusion: 3 doors, Nilihum's ghost, amateur MfIE
D:4 1 runed door


Innate Abilities, Weirdness & Mutations

You are resistant to damage.
You can heal yourself by infusing magical energy.
You passively map a small area around you.
You do not regenerate.


Message History

Pain shoots through your body! You block the orc's attack.
The orc wizard hits you but does no damage.
You are electrocuted!
* * * LOW HITPOINT WARNING * * *
You block the orc's attack.
You slash the orc priest!
You kill the orc priest!
Your Armour skill increases to level 4!
You hit the orc.
You kill the orc!
You barely miss the orc wizard.
The orc wizard hits you but does no damage.
The orc barely misses you.
Press: ? - help, v - describe, . - travel An open door.
You hit the orc wizard.
The orc wizard is heavily wounded.
The orc wizard hits you but does no damage.
You are electrocuted!
You die...

* ######.### *,
* ##'## * ,
##...## ,
##.....## , ,,
* ##.......## ,
*#.........####
,
+.........'....
#.........##...
##..)@)..##*
... ##..o).##
.# * ##.o.## *
# , * ##'## * *
#.# ,* ** *
#.#** * , #.. *
... , ,


You could see an orc wizard and an orc.

Vanquished Creatures
  The ghost of Leszczynek the Sneak, an amateur DEMo (D:4)
  A howler monkey (D:4)
  3 orc priests
  An orc wizard (D:4)
  A worker ant (D:4)
  2 adders (D:4)
  A river rat (D:4)
  3 worms
  4 leopard geckos
  9 orcs
  3 ball pythons
  5 bats
  A giant cockroach (D:1)
  7 goblins
  4 hobgoblins
  3 jackals (D:1)
  4 kobolds
  5 frilled lizards
  A rat (D:3)
59 creatures vanquished.

Notes
Turn   | Place    | Note
-------+----------+-------------------------------------------
     0 | D:1      | jjfam the Deep Dwarf Fighter began the quest for the Orb.
     0 | D:1      | Reached XP level 1. HP: 20/20 MP: 1/1
    82 | D:1      | Reached XP level 2. HP: 18/27 MP: 2/2
   620 | D:2      | Reached skill level 3 in Axes
   654 | D:2      | Reached XP level 3. HP: 33/33 MP: 3/3
  1218 | D:3      | Reached XP level 4. HP: 28/40 MP: 4/4
  1290 | D:3      | Noticed a big kobold
  1290 | D:3      | Noticed Nilihum's ghost (amateur MfIE)
  1290 | D:3      | Noticed a big kobold
  1291 | D:3      | Found a runed gate.
  1292 | D:3      | Found a runed gate.
  1292 | D:3      | Found a runed gate.
  1559 | D:4      | Found a runed door.
  1567 | D:4      | Noticed Leszczynek's ghost (amateur DEMo)
  1575 | D:4      | Reached skill level 4 in Axes
  1590 | D:4      | Killed Leszczynek's ghost
  1590 | D:4      | Reached skill level 1 in Dodging
  1590 | D:4      | Reached XP level 5. HP: 43/49 MP: 5/5
  1601 | D:4      | Found a runed door.
  1752 | D:4      | Reached skill level 5 in Axes
  1902 | D:4      | Reached XP level 6. HP: 34/56 MP: 6/6
  1917 | D:4      | Slain by an orc wizard

Vault maps used:
D:1:      dpeg_arrival_fog, serial_bayou_ford_a, minmay_misc_feat_five
D:2:      minmay_splitting_lines
D:3:      gammafunk_ghost_nasty_kobolds
D:4:      first_ration, ebering_ghost_sewer_f

Skill      XL: |  1  2  3  4  5  6 |
---------------+-------------------+-----
Axes           | 3 4 5 |  5.5
Fighting       | 3 |  3.3
Shields        | 4 |  4.4
Dodging        | 1 |  1.8
Armour         | 4 |  4.0

Action                   |  1- 3 |  4- 6 || total
-------------------------+-------+-------++-------
Melee: War axe           |   151 |    78 ||   229
 Abil: Heal Wounds       |     1 |     2 ||     3
  Use: Scroll            |       |     1 ||     1
 Stab: Sleeping          |       |     1 ||     1
  Eat: Chunk             |     1 |     3 ||     4
Armor: Scale mail        |    76 |       ||    76
       Leather armour    |     8 |    18 ||    26
Dodge: Dodged            |    71 |    33 ||   104
Block: Shield            |   122 |    47 ||   169

Table legend:
 A = Spawn XP
 B = Non-spawn XP
 C = Spawn XP percentage of total XP
 D = Spawn monster count
 E = Non-spawn monster count
 F = Spawn count percentage of total count
 G = Total turns spent on level
                    A         B        C        D         E        F      G
               +---------+---------+-------+---------+---------+-------+---------
         Total |       0 |     500 |   0.0 |       0 |      59 |   0.0 |  1917
               +---------+---------+-------+---------+---------+-------+---------
           D:1 |       0 |      35 |   0.0 |       0 |      20 |   0.0 |   644
           D:2 |       0 |      18 |   0.0 |       0 |       9 |   0.0 |   396
           D:3 |       0 |      65 |   0.0 |       0 |      12 |   0.0 |   432
           D:4 |       0 |     382 |   0.0 |       0 |      18 |   0.0 |   445
               +---------+---------+-------+---------+---------+-------+---------
